 Dungeon Crawl Stone Soup version 0.28.0 (webtiles) character file.

Game seed: 14113298804917023188

154 zeram the Covered (level 5, -1/32 HPs)
             Began as a Gargoyle Fighter on Feb 18, 2022.
             Slain by a gnoll (3 damage)
             ... on level 4 of the Dungeon.
             The game lasted 00:03:10 (4057 turns).

zeram the Covered (Gargoyle Fighter)                Turns: 4057, Time: 00:03:11

Health: -1/32      AC: 11    Str: 21    XL:     5   Next: 35%
Magic:  5/5        EV:  9    Int:  9    God:
Gold:   119        SH:  4    Dex:  9    Spells: 4/4 levels left

rFire   + . .      SeeInvis .   a - +0 flail
rCold   . . .      Faith    .   c - +0 buckler
rNeg    + . .      Spirit   .   b - +0 scale mail
rPois   ∞          Reflect  .   (no helmet)
rElec   +          Harm     .   (no cloak)
rCorr   .          Rampage  .   (no gloves)
Will    .....                   (no boots)
Stlth   ..........              (no amulet)
HPRegen 0.10/turn               f - ring of protection from fire
MPRegen 0.09/turn               (no ring)

@: on berserk cooldown, slowed, very slow
A: sickness immunity, AC +4, negative energy resistance 1, electricity
resistance, torment resistance 1, petrification resistance
a: no special abilities


You were on level 4 of the Dungeon.
You visited 1 branch of the dungeon, and saw 4 of its levels.

You collected 119 gold pieces.

Inventory:

Hand Weapons
 a - a +0 flail (weapon)
 e - a +0 dagger of electrocution
Armour
 b - a +0 scale mail (worn)
 c - a +0 buckler (worn)
Jewellery
 f - a ring of protection from fire (left hand)
 m - a +6 ring of intelligence
Wands
 n - a wand of flame (18)
Scrolls
 i - a scroll of amnesia
 j - a scroll of enchant armour
Potions
 d - a potion of might
 g - a potion of curing
 h - a potion of cancellation {unknown}
 l - a potion of attraction {unknown}
 o - a potion of haste {unknown}


   Skills:
 - Level 3.2 Fighting
 + Level 3.6 Maces & Flails
 + Level 4.6 Armour
 + Level 0.9 Dodging
 + Level 3.9 Shields


You had 4 spell levels left.
You didn't know any spells.
Your spell library was empty.

Dungeon Overview and Level Annotations

Branches:
Dungeon (4/15)
 Temple: D:4-7

Altars:


Innate Abilities, Weirdness & Mutations

You are immune to sickness and miasma.
Your stone body is resilient. (AC +4)
You are immune to poison.
You resist negative energy. (rN+)
You are resistant to electric shocks. (rElec)
You are resistant to unholy torment.
You are immune to petrification.


Message History

You feel a strong urge to attack something.
Found an escape hatch in the floor.
You feel your anger nearly subside.
You are no longer berserk.
You are exhausted.
You feel yourself slow down. You block the gnoll's attack.
The gnoll hits you with a +0 spear. The gnoll hits you with a +0 whip.
You hit the gnoll.
The gnoll is heavily wounded.
The gnoll hits you but does no damage.
The gnoll hits you from afar with a +0 spear!
The gnoll hits you but does no damage. The gnoll hits you with a +0 spear.
You block the gnoll's attack. The gnoll hits you but does no damage.
You hit the gnoll.
The gnoll is almost dead.
The gnoll hits you with a +0 spear.
The gnoll hits you from afar with a +0 spear.
The gnoll hits you but does no damage. The gnoll hits you with a +0 spear.
You block the gnoll's attack. The gnoll barely misses you.
You barely miss the gnoll.
The gnoll is almost dead.
The gnoll hits you with a +0 spear.
* * * LOW HITPOINT WARNING * * *
The gnoll hits you from afar with a +0 spear.
* * * LOW HITPOINT WARNING * * *
The gnoll barely misses you. The gnoll hits you with a +0 spear.
* * * LOW HITPOINT WARNING * * *
The gnoll hits you but does no damage.
You feel better. You block the gnoll's attack.
The gnoll hits you with a +0 spear.
* * * LOW HITPOINT WARNING * * *
The gnoll hits you but does no damage. The gnoll barely misses you.
Okay, then.
You sock the gnoll!
You kill the gnoll!
The gnoll barely misses you. The gnoll hits you with a +0 whip.
* * * LOW HITPOINT WARNING * * *
The gnoll hits you from afar with a +0 spear.
* * * LOW HITPOINT WARNING * * *
The gnoll hits you with a +0 whip.
You die...

# #...# #..... #
##..# ##.... # #..#
##### #...... .
#..######....##
.......
#..##..........
..#.... ..#
#.....!........
###.... #..#
#..............
##... ...#
#.....g........ #...
...# #...>..@)......
##..
#..###....###.g.....
#.. #..#...###
#...... #..
#.....### #..... ##.
##...#..## #...> #.
##......### #... ##
##.......## ##. #
#........## ##
##.........# ####.


You could see 2 gnolls.

Vanquished Creatures
  An iguana (D:3)
  4 adders
  A gnoll (D:4)
  2 dart slugs (D:1)
  5 orcs (D:3)
  7 endoplasms
  5 giant cockroaches
  6 goblins
  6 hobgoblins
  6 jackals (D:1)
  7 quokkas
  8 ball pythons
  2 bats
  3 frilled lizards (D:1)
  12 kobolds
  5 rats
80 creatures vanquished.

Notes
Turn   | Place    | Note
-------+----------+-------------------------------------------
     0 | D:1      | zeram the Gargoyle Fighter began the quest for the Orb.
     0 | D:1      | Reached XP level 1. HP: 14/14 MP: 1/1
    60 | D:1      | Reached XP level 2. HP: 13/19 MP: 2/2
   550 | D:1      | Found a faded altar of an unknown god.
   563 | D:1      | Reached skill level 4 in Armour
   605 | D:1      | Reached XP level 3. HP: 23/23 MP: 3/3
  1455 | D:2      | Reached XP level 4. HP: 7/28 MP: 4/4
  3199 | D:3      | Reached XP level 5. HP: 10/32 MP: 5/5
  4057 | D:4      | Slain by a gnoll

Illustrated notes

Levels and vault maps discovered:
D:1:      amcnicky_arrival_abandoned_market, layout_basic,
          shapermc_ecumenical_altar_acropolis, minmay_misc_feat_secret_circle,
          minmay_cut_off
D:2:      layout_basic, amcnicky_mini_pool_small
D:3:      layout_basic, serial_curves, eino_curves_03, eino_curves_03,
          st_stairs_13
D:4:      layout_cave_pods, serial_shops, nicolae_shop_behind_doors,
          lightli_corner_chamber, uniq_natasha

Skill      XL: |  1  2  3  4 |
---------------+-------------+-----
Armour         | 4 |  4.6
Maces & Flails | 3 |  3.6
Fighting       | |  3.2
Dodging        | |  0.9
Shields        | |  3.9

Action                   |  1- 3 |  4- 6 || total
-------------------------+-------+-------++-------
Melee: Flail             |   152 |   133 ||   285
  Use: Scroll            |     1 |     4 ||     5
       Potion            |       |     2 ||     2
Armor: Scale mail        |    99 |    82 ||   181
Dodge: Dodged            |    76 |    81 ||   157
Block: Buckler           |    40 |    33 ||    73
